[Event "Titled Tuesday Blitz March 28 Early 2023"]
[White "Leve, Nitai"]
[Black "Harsha Bharathakoti"]
[WhiteFideId "2006898"]
[BlackFideId "5078776"]
[WhiteElo "2144"]
[BlackElo "2481"]
[Result "0-1"]
[Round "02"]
[TimeControl "180+2"]
[Date "2023.03.28"]
[WhiteClock "0:01:07"]
[BlackClock "0:01:36"]

1. e4 g6 2. d4 Bg7 3. Nc3 d6 4. f4 a6 5. a4 Nf6 6. Nf3 Nc6 7. h3 O-O 8. Bd3 e5 9. d5 Nb4 10. fxe5 dxe5 11. Bg5 Qd6 12. O-O c6 13. dxc6 Nxc6 14. Bc4 Qc5+ 15. Kh1 Qxc4 16. Nxe5 Nxe5 17. Rxf6 Be6 18. Qd2 Rad8 19. Qf4 Nd7 20. Rf5 gxf5 21. Bxd8 Rxd8 0-1


[Site "https://www.chess.com"]

[Event "Titled Tuesday Blitz March 28 Early 2023"]
[White "Mendonca, Leon Luke"]
[Black "Tymrakiewicz, Rafal"]
[WhiteFideId "35028561"]
[BlackFideId "1108832"]
[WhiteElo "2464"]
[BlackElo "2151"]
[Result "1-0"]
[Round "02"]
[TimeControl "180+2"]
[Date "2023.03.28"]
[WhiteClock "0:00:02"]
[BlackClock "0:00:07"]

1. e4 Nf6 2. Nc3 d5 3. exd5 Nxd5 4. Nge2 Bg4 5. h3 Bh5 6. g4 Bg6 7. Bg2 c6 8. Nxd5 cxd5 9. Nf4 e6 10. h4 Bd6 11. d3 Qf6 12. Qf3 Nc6 13. Nxg6 Qxf3 14. Bxf3 hxg6 15. c3 Kd7 16. Bd2 Rac8 17. Kf1 b5 18. a3 Rc7 19. Kg2 a6 20. Be3 Rcc8 21. Rad1 Ke7 22. Bg5+ f6 23. Be3 Ne5 24. Be2 Nd7 25. Rh3 Bc5 26. Bd2 d4 27. c4 bxc4 28. dxc4 Ne5 29. b4 d3 30. Bxd3 Rhd8 31. Be2 Rd4 32. bxc5 Rcd8 33. Bc3 Rxd1 34. Bxd1 Rxd1 35. Bxe5 fxe5 36. Re3 Rd4 37. f3 Rxc4 38. Rxe5 Kf6 39. Re4 Rxc5 40. Kg3 Ra5 41. a4 Rc5 42. Rf4+ Ke7 43. Rb4 g5 44. h5 Kf6 45. Rb6 Ra5 46. Rb4 Rc5 47. Rd4 a5 48. Rd8 Rc4 49. Rf8+ Ke5 50. Rf7 Rxa4 51. Rxg7 Ra1 52. Rxg5+ Kf6 53. Rg6+ Kf7 54. Rh6 a4 55. Rh7+ Kf6 56. Ra7 a3 57. Kf4 a2 58. g5# 1-0


[Site "https://www.chess.com"]

[Event "Titled Tuesday Blitz March 28 Early 2023"]
[White "Manukyan, Sargis A."]
[Black "Pniaczek, Marek"]
[WhiteFideId "13303970"]
[BlackFideId "21800421"]
[WhiteElo "2187"]
[BlackElo "2138"]
[Result "0-1"]
[Round "02"]
[TimeControl "180+2"]
[Date "2023.03.28"]
[WhiteClock "0:00:23"]
[BlackClock "0:00:08"]

1. d4 Nf6 2. c4 e6 3. Nc3 d5 4. Nf3 dxc4 5. e4 b5 6. e5 Nfd7 7. Nxb5 Nb6 8. Nc3 Nc6 9. Be3 Be7 10. Be2 Rb8 11. O-O O-O 12. Nd2 Nxd4 13. Bxc4 Nxc4 14. Nxc4 c5 15. b3 Bb7 16. Qg4 Qc7 17. Bxd4 cxd4 18. Nb5 Qc5 19. Nxd4 Rfd8 20. Rfd1 Rbc8 21. h4 a5 22. h5 h6 23. Rac1 Bg5 24. Rb1 Ba6 25. Nd6 Rc7 26. Nxe6 fxe6 27. Qxe6+ Kh7 28. Ne8 Rxd1+ 29. Rxd1 Re7 30. Qxa6 Qc2 31. Qg6+ Qxg6 32. hxg6+ Kxg6 33. Nd6 Rxe5 34. Nc4 Re2 35. a4 Be7 36. Kf1 Rc2 37. Rd2 Rc1+ 38. Ke2 Bb4 39. Rd5 Rc2+ 40. Ke3 Rc3+ 41. Rd3 Rc2 42. Ne5+ Kf5 43. Nf3 Bc5+ 44. Nd4+ Ke5 45. f4+ Kd5 46. g4 Rb2 47. f5 Ra2 48. Rd1 Rb2 49. Rd3 Rb1 50. Rd2 Rxb3+ 51. Rd3 Bxd4+ 52. Ke2 Rxd3 53. Kxd3 Bf6 54. Ke2 Kc4 55. Kf3 Kb4 56. Ke4 Kxa4 57. Kd3 Kb4 58. Ke4 a4 59. Kd3 a3 60. Kc2 a2 61. Kd3 a1=Q 62. Ke4 Qd4+ 63. Kf3 Qd3+ 64. Kf4 Bg5+ 65. Ke5 Qe3+ 66. Kd5 Qf3+ 67. Ke6 Qxg4 68. Kf7 Qxf5+ 69. Kg8 Qf8+ 70. Kh7 h5 71. Kg6 h4 72. Kh5 h3 73. Kg6 h2 74. Kh5 g6+ 75. Kxg6 Qf6+ 76. Kh7 h1=Q+ 77. Kg8 Qhh8# 0-1


[Site "https://www.chess.com"]

[Event "Titled Tuesday Blitz March 28 Early 2023"]
[White "Tarasova, Viktoriya"]
[Black "Mikhailovsky, Vladimir"]
[WhiteFideId "4175840"]
[BlackFideId "34105414"]
[WhiteElo "2182"]
[BlackElo "2293"]
[Result "0-1"]
[Round "02"]
[TimeControl "180+2"]
[Date "2023.03.28"]
[WhiteClock "0:00:22"]
[BlackClock "0:02:06"]

1. d4 d6 2. c4 e5 3. Nc3 exd4 4. Qxd4 Nc6 5. Qd2 g6 6. b3 Bg7 7. Bb2 Nf6 8. g3 O-O 9. Bg2 Be6 10. e4 Qd7 11. Nge2 Bh3 12. O-O Rfe8 13. f3 h5 14. Rad1 h4 15. Nd5 Nxd5 16. cxd5 Ne5 17. Nf4 Bxg2 18. Kxg2 Bh6 19. Qf2 Kh7 20. Ne2 h3+ 21. Kh1 f5 22. exf5 Qxf5 23. Nd4 Qf7 24. Ne6 c6 25. Bxe5 dxe5 26. Qe2 cxd5 27. Qxe5 Rxe6 0-1


[Site "https://www.chess.com"]

[Event "Titled Tuesday Blitz March 28 Early 2023"]
[White "Meunier-Pion, Jean"]
[Black "Bashirli, Nail"]
[WhiteFideId "20685327"]
[BlackFideId "13406809"]
[WhiteElo "2124"]
[BlackElo "2338"]
[Result "0-1"]
[Round "02"]
[TimeControl "180+2"]
[Date "2023.03.28"]
[WhiteClock "0:00:01"]
[BlackClock "0:00:30"]

1. d4 Nf6 2. c4 e6 3. g3 Bb4+ 4. Bd2 Qe7 5. Bg2 O-O 6. Nc3 d6 7. Nf3 e5 8. O-O Re8 9. d5 c6 10. Bg5 h6 11. Bxf6 Qxf6 12. e4 Bg4 13. Qd3 Nd7 14. Na4 Nc5 15. Nxc5 Bxc5 16. b4 Bxb4 17. Rab1 a5 18. a3 Bc5 19. Rxb7 cxd5 20. cxd5 Reb8 21. Rfb1 Rxb7 22. Rxb7 Rc8 23. h3 Bxf3 24. Bxf3 Bd4 25. Kg2 Rc3 26. Qe2 Rxa3 27. Bg4 g6 28. h4 h5 29. Bd7 Kf8 30. Bc6 a4 31. Rb8+ Kg7 32. Rb7 Rb3 33. Rxb3 axb3 34. Ba4 b2 35. Bc2 Qd8 36. Qd3 Qa5 37. Qe2 Qc3 38. Qd1 Qc4 39. Kg1 Qc5 40. Kg2 Bxf2 41. Qe2 Bd4 42. Kh3 Qc3 43. Bb1 Be3 44. Qf3 Qe1 45. Bd3 Bd4 46. Bc2 b1=Q 47. Bxb1 Qxb1 48. Qg2 Qd3 49. Qh1 Qe2 50. Qb1 Be3 51. Qh1 Qf2 0-1


[Site "https://www.chess.com"]

[Event "Titled Tuesday Blitz March 28 Early 2023"]
[White "Zhao, Jun"]
[Black "Vedder, Richard"]
[WhiteFideId "8602522"]
[BlackFideId "1004166"]
[WhiteElo "2547"]
[BlackElo "2168"]
[Result "1-0"]
[Round "02"]
[TimeControl "180+2"]
[Date "2023.03.28"]
[WhiteClock "0:02:40"]
[BlackClock "0:02:41"]

1. c4 e5 2. Nc3 Nf6 3. g3 c6 4. d4 d6 5. Nf3 Nbd7 6. Bg2 g6 7. O-O Bg7 8. e4 O-O 9. Qc2 Qc7 10. b3 a5 11. Ba3 Re8 12. Rad1 exd4 13. Nxd4 Nc5 14. Ndb5 cxb5 15. Nxb5 Qb8 16. Nxd6 Ne6 17. e5 1-0


[Site "https://www.chess.com"]

[Event "Titled Tuesday Blitz March 28 Early 2023"]
[White "Prohaszka, Peter"]
[Black "Ansh M Shah"]
[WhiteFideId "726265"]
[BlackFideId "25033379"]
[WhiteElo "2626"]
[BlackElo "2084"]
[Result "1-0"]
[Round "02"]
[TimeControl "180+2"]
[Date "2023.03.28"]
[WhiteClock "0:00:48"]
[BlackClock "0:00:01"]

1. d4 Nf6 2. Bf4 g6 3. e3 Bg7 4. h3 d6 5. Nd2 O-O 6. Ngf3 b6 7. a4 Bb7 8. a5 Nbd7 9. Bh2 a6 10. c3 b5 11. Bd3 c5 12. O-O Rc8 13. Re1 Nb8 14. e4 Nc6 15. d5 Nxa5 16. Qb1 c4 17. Bc2 Nd7 18. Qa2 Nb3 19. Nxb3 cxb3 20. Bxb3 Nc5 21. Bc2 Qb6 22. Qa3 Ra8 23. Qa5 Qxa5 24. Rxa5 Rfc8 25. Bf4 Rc7 26. Be3 Nd7 27. Bb1 Nc5 28. Nd4 Na4 29. Re2 Bf6 30. Ba2 Nc5 31. f3 Bg7 32. Kf2 h5 33. Bb1 Rb8 34. Bc2 Ra8 35. h4 Rb8 36. Ra3 Bf6 37. Bg5 Bxg5 38. hxg5 Kf8 39. Nb3 Nxb3 40. Bxb3 Rbc8 41. Ke3 Rc5 42. Kd4 Ke8 43. Bc2 Kd7 44. Bd3 R5c7 45. Re1 Rh8 46. Rea1 Rcc8 47. c4 b4 48. Ra4 Rb8 49. Rxb4 Rhc8 50. Ra3 Kc7 51. Rab3 1-0


[Site "https://www.chess.com"]

[Event "Titled Tuesday Blitz March 28 Early 2023"]
[White "Hamitevici, Vladimir"]
[Black "Topalov, Aleksandar"]
[WhiteFideId "13902393"]
[BlackFideId "925659"]
[WhiteElo "2401"]
[BlackElo "2151"]
[Result "1-0"]
[Round "02"]
[TimeControl "180+2"]
[Date "2023.03.28"]
[WhiteClock "0:00:07"]
[BlackClock "0:00:01"]

1. b3 Nf6 2. Bb2 g6 3. g3 Bg7 4. Bg2 O-O 5. c4 c5 6. Nf3 Nc6 7. O-O d6 8. e3 a6 9. Qe2 Rb8 10. d3 b5 11. Nc3 bxc4 12. dxc4 Bf5 13. Nh4 Bd7 14. Rfd1 Nb4 15. h3 Bc6 16. e4 Bd7 17. f4 Qc7 18. Qf2 a5 19. e5 dxe5 20. fxe5 Qxe5 21. Na4 Qc7 22. Qxc5 Qxc5+ 23. Nxc5 Bc6 24. a3 Bxg2 25. axb4 Ba8 26. b5 Rfc8 27. Na6 Rb6 28. Rxa5 h6 29. c5 Re6 30. c6 g5 31. Nf5 Bxc6 32. bxc6 Rcxc6 33. Nb4 Rb6 34. Bxf6 Bxf6 35. Nd5 Rxb3 36. Nxf6+ Rxf6 37. Rd8+ Kh7 38. g4 Rxh3 39. Raa8 Rxf5 40. gxf5 Kg7 41. Ra6 Rf3 42. Rd5 1-0


[Site "https://www.chess.com"]

[Event "Titled Tuesday Blitz March 28 Early 2023"]
[White "Martinez Ramirez, Lennis"]
[Black "Carrasco Miranda, Andres"]
[WhiteFideId "3509079"]
[BlackFideId "3405990"]
[WhiteElo "2439"]
[BlackElo "2183"]
[Result "1-0"]
[Round "02"]
[TimeControl "180+2"]
[Date "2023.03.28"]
[WhiteClock "0:02:12"]
[BlackClock "0:00:43"]

1. c4 Nf6 2. Nc3 g6 3. e4 e5 4. Nf3 Bg7 5. Nxe5 O-O 6. Nf3 Re8 7. d3 d5 8. cxd5 Nxd5 9. Bd2 Nb4 10. Be3 N8c6 11. a3 Na6 12. d4 Bg4 13. d5 Ne5 14. Be2 Bxf3 15. Bxf3 Nc4 16. Qe2 Nxe3 17. Qxe3 b6 18. O-O Nc5 19. b4 Nb3 20. Rad1 a5 21. Nb5 a4 22. Qd3 Be5 23. g3 h5 24. Bg2 h4 25. f4 Bg7 26. e5 hxg3 27. hxg3 g5 28. d6 cxd6 29. Nxd6 Ra7 30. Nxe8 Qxe8 31. Qd8 Re7 32. Qxb6 Rd7 33. Bc6 1-0


[Site "https://www.chess.com"]

[Event "Titled Tuesday Blitz March 28 Early 2023"]
[White "Belozerov, Andrei"]
[Black "Castellanos Gomez, Alejandro"]
[WhiteFideId "4120213"]
[BlackFideId "22284141"]
[WhiteElo "2360"]
[BlackElo "2158"]
[Result "0-1"]
[Round "02"]
[TimeControl "180+2"]
[Date "2023.03.28"]
[WhiteClock "0:00:01"]
[BlackClock "0:00:03"]

1. e4 e6 2. d4 d5 3. Nd2 Nf6 4. e5 Nfd7 5. Bd3 c5 6. c3 Nc6 7. Ne2 Be7 8. O-O f5 9. Nf4 Nf8 10. dxc5 Nxe5 11. Re1 Bf6 12. Nf3 Qc7 13. Nxd5 exd5 14. Nxe5 Bxe5 15. Bf4 Ng6 16. Bxe5 Nxe5 17. Qe2 O-O 18. Qxe5 Qxc5 19. Rad1 Bd7 20. c4 Bc6 21. cxd5 Qxd5 22. Qxd5+ Bxd5 23. Bb1 Rae8 24. f4 Rxe1+ 25. Rxe1 g6 26. Kf2 Kf7 27. Re5 Be6 28. Ke3 Rc8 29. Kd2 Rd8+ 30. Ke1 Rc8 31. Kd1 Rc6 32. a3 Rb6 33. Kc1 Rc6+ 34. Kd2 Rd6+ 35. Kc3 Rd1 36. Bc2 Rh1 37. h3 Rg1 38. Re2 Rf1 39. Kd4 Rxf4+ 40. Ke5 Rc4 41. Bb3 Rc5+ 42. Kd6 Rc6+ 43. Ke5 Bxb3 44. Rd2 Be6 45. g4 Rc5+ 46. Kd6 Rc6+ 47. Ke5 fxg4 48. hxg4 Bxg4 49. Rf2+ Bf5 50. Rd2 Re6+ 51. Kf4 Kf6 52. Rd8 Re4+ 53. Kf3 Kg5 54. Rh8 h5 55. Rb8 Re7 56. Rh8 Re1 57. b4 h4 58. a4 h3 59. b5 Ra1 60. a5 Rxa5 61. b6 axb6 62. Kg3 Ra3+ 63. Kh2 Ra2+ 64. Kg3 h2 65. Kf3 Bd7 66. Kg3 Bc6 67. Rh7 h1=Q 68. Rxh1 Ra3+ 0-1


[Site "https://www.chess.com"]

[Event "Titled Tuesday Blitz March 28 Early 2023"]
[White "Itgelt, Khuyagtsogt"]
[Black "Senft, Sean"]
[WhiteFideId "4902912"]
[BlackFideId "2044960"]
[WhiteElo "2227"]
[BlackElo "1989"]
[Result "0-1"]
[Round "02"]
[TimeControl "180+2"]
[Date "2023.03.28"]
[WhiteClock "0:00:04"]
[BlackClock "0:00:17"]

1. d4 d5 2. c4 c6 3. Nf3 Nf6 4. g3 Bf5 5. Nc3 e6 6. Nh4 Be4 7. f3 Bg6 8. Qb3 Qc7 9. Bf4 Qc8 10. e4 Be7 11. O-O-O dxc4 12. Bxc4 O-O 13. Nxg6 hxg6 14. g4 b5 15. Bd3 a5 16. h4 a4 17. Qc2 b4 18. Nb1 b3 19. axb3 axb3 20. Qh2 c5 21. h5 cxd4+ 22. Kd2 g5 23. h6 g6 24. h7+ Kh8 25. Be5 Nd7 26. Bxd4 e5 27. Bc3 Rd8 28. Ke2 Qc5 29. Nd2 Rab8 30. Nc4 Rb5 31. Ne3 Rb6 32. Ra1 Re8 33. Ra5 Qc7 34. Nc4 Re6 35. Rha1 Bc5 36. Bd2 Nb6 37. Nxb6 Bxb6 38. Ra6 Qc5 39. Qg2 Rd6 40. Rxb6 Qxb6 41. Bc3 Red8 42. Rd1 Qb7 43. Rd2 Qd7 44. Qg3 Rxd3 45. Qxe5 Rxd2+ 46. Bxd2 Qxd2+ 47. Kf1 Qd1+ 48. Kg2 Rd2+ 49. Kh3 Qh1+ 0-1


[Site "https://www.chess.com"]

[Event "Titled Tuesday Blitz March 28 Early 2023"]
[White "Lopez, Nelson M, Ii"]
[Black "Vaibhav Jayant Raut"]
[WhiteFideId "2027895"]
[BlackFideId "5089034"]
[WhiteElo "2404"]
[BlackElo "2156"]
[Result "0-1"]
[Round "02"]
[TimeControl "180+2"]
[Date "2023.03.28"]
[WhiteClock "0:00:19"]
[BlackClock "0:00:09"]

1. e4 c5 2. Nf3 Nc6 3. Bb5 g6 4. O-O Bg7 5. Nc3 Nf6 6. e5 Ng4 7. Bxc6 dxc6 8. Re1 O-O 9. h3 Nh6 10. d3 Nf5 11. Bf4 Be6 12. Ng5 h6 13. Nxe6 fxe6 14. Qg4 Kh7 15. Ne4 b6 16. Ng3 Qd5 17. b3 Rf7 18. h4 Nxg3 19. Bxg3 Rf5 20. f4 Raf8 21. Kh2 h5 22. Qe2 Bh6 23. Rf1 Bxf4 24. Bxf4 Rxf4 25. g3 R4f5 26. Rae1 Kg7 27. Rxf5 Rxf5 28. Qe3 a5 29. a4 b5 30. axb5 cxb5 31. Re2 Rf1 32. Rg2 a4 33. bxa4 bxa4 34. Qg5 Rf7 35. g4 Qd4 36. gxh5 Qf4+ 37. Qxf4 Rxf4 38. Rxg6+ Kf7 39. Rg1 Rxh4+ 40. Kg3 Rxh5 41. Kf4 Rh2 42. c4 a3 43. Ra1 a2 44. Ke4 Kg6 45. d4 Rh4+ 46. Ke3 Rxd4 47. Rxa2 Rxc4 48. Ra7 Kf5 49. Kd3 Rd4+ 50. Kc3 Kxe5 51. Rxe7 Rh4 52. Re8 Kd5 53. Rd8+ Kc6 54. Rc8+ Kd6 55. Rd8+ Ke5 56. Rc8 c4 57. Rxc4 Rxc4+ 58. Kxc4 Kf4 59. Kd3 e5 60. Ke2 Ke4 61. Kd2 Kf3 62. Ke1 Ke3 63. Kf1 Kd2 64. Kf2 e4 0-1


[Site "https://www.chess.com"]

[Event "Titled Tuesday Blitz March 28 Early 2023"]
[White "Rios Escobar, Adan"]
[Black "Turayev, Shahruh"]
[WhiteFideId "3403645"]
[BlackFideId "14003856"]
[WhiteElo "2403"]
[BlackElo "2171"]
[Result "1-0"]
[Round "02"]
[TimeControl "180+2"]
[Date "2023.03.28"]
[WhiteClock "0:00:26"]
[BlackClock "0:00:50"]

1. d4 Nf6 2. g3 g6 3. Bg2 Bg7 4. e4 O-O 5. Ne2 Ne8 6. O-O d6 7. Nbc3 Nd7 8. a4 c6 9. h3 e5 10. Be3 Nc7 11. g4 Ne6 12. Qd2 exd4 13. Nxd4 Nxd4 14. Bxd4 Bxd4 15. Qxd4 Ne5 16. f4 c5 17. Qf2 Nc4 18. b3 Nb6 19. a5 Nd7 20. Nd5 Nf6 21. Rad1 Be6 22. Nxf6+ Qxf6 23. Rxd6 Qc3 24. f5 Bc8 25. f6 Qxa5 26. Qf4 Kh8 27. Qh6 Rg8 28. g5 Be6 29. Rdd1 Qc7 30. Rde1 Rad8 31. e5 Qa5 32. Re4 Rd4 33. Rff4 Qe1+ 34. Rxe1 Rxf4 35. Rd1 Rd4 36. Rxd4 cxd4 37. Bxb7 a5 38. Bc6 Bf5 39. Bd5 1-0


[Site "https://www.chess.com"]

[Event "Titled Tuesday Blitz March 28 Early 2023"]
[White "Ramirez Vido, Robert Yorisan"]
[Black "Gontcharov, Vladislav"]
[WhiteFideId "3513823"]
[BlackFideId "4123492"]
[WhiteElo "2402"]
[BlackElo "2470"]
[Result "0-1"]
[Round "02"]
[TimeControl "180+2"]
[Date "2023.03.28"]
[WhiteClock "0:00:16"]
[BlackClock "0:00:15"]

1. f4 Nf6 2. Nf3 c5 3. g3 Nc6 4. Bg2 d6 5. d3 e5 6. fxe5 dxe5 7. O-O h6 8. Be3 Be7 9. c3 O-O 10. Kh1 e4 11. Ne1 exd3 12. Nxd3 c4 13. Nf4 Qc7 14. Na3 Ne5 15. Nb5 Qa5 16. Nd4 Rd8 17. Qc2 Rb8 18. a3 Bd7 19. Nf5 Bf8 20. Bd4 Neg4 21. h3 Bxf5 22. Qc1 Ne5 23. Nh5 Bg6 24. Nxf6+ gxf6 25. Rxf6 Bg7 26. Qf4 Nc6 27. Bxc6 bxc6 28. Rf1 Rb7 29. Rxg6 fxg6 30. Bxg7 Rxg7 31. Qxh6 Qd5+ 32. Kh2 Rf8 33. Rxf8+ Kxf8 34. Qf4+ Kg8 35. Qb8+ Kh7 36. Qf4 Rf7 37. Qh4+ Kg7 0-1


[Site "https://www.chess.com"]

[Event "Titled Tuesday Blitz March 28 Early 2023"]
[White "Iljin, Timofey"]
[Black "Orlov, Georgi"]
[WhiteFideId "14110180"]
[BlackFideId "2011271"]
[WhiteElo "2397"]
[BlackElo "2604"]
[Result "1-0"]
[Round "02"]
[TimeControl "180+2"]
[Date "2023.03.28"]
[WhiteClock "0:00:04"]
[BlackClock "0:00:04"]

1. e4 c5 2. c3 Nf6 3. e5 Nd5 4. d4 cxd4 5. cxd4 d6 6. Nf3 e6 7. exd6 Bxd6 8. Nc3 O-O 9. Bd3 Nf6 10. O-O b6 11. Re1 Bb7 12. a3 Nbd7 13. Bc2 Rc8 14. Qd3 g6 15. Bh6 Re8 16. Bb3 Qc7 17. h3 a6 18. Ng5 Bf8 19. Bxf8 Nxf8 20. Rac1 Qd8 21. Rcd1 Nd5 22. Nxd5 Bxd5 23. Bxd5 Qxd5 24. Ne4 Nd7 25. Qxa6 Rc2 26. Qa4 Rc6 27. Nc3 Qc4 28. Qxc4 Rxc4 29. d5 e5 30. d6 f6 31. f3 Kf7 32. Kf2 Rd8 33. Re4 Rc6 34. Ra4 Ke6 35. Nb5 Rc2+ 36. Kg3 Rxb2 37. Nc7+ Kf7 38. Ra7 f5 39. Na6 h6 40. Nb8 Ke6 41. Nc6 Rc8 42. Rc7 Rf8 43. Ne7 g5 44. Ng6 Rf6 45. Ne7 Rb3 46. Nc6 Rf8 47. Ne7 Ra8 48. Ng6 Raxa3 49. Rxd7 Kxd7 50. Nxe5+ Ke6 51. d7 f4+ 52. Kh2 Ra8 53. Nc6 Rb2 54. d8=Q Rxd8 55. Nxd8+ Kf5 56. Nc6 Ke6 57. Nd4+ Ke5 58. Nc6+ Ke6 59. Re1+ Kd6 60. Nd4 Rb4 61. Nf5+ Kd5 62. Nxh6 b5 63. Nf7 Kd4 64. Nxg5 Rb2 65. Ne4 b4 66. h4 b3 67. h5 Rc2 68. h6 Rc6 69. Kg1 Rxh6 70. Rb1 Rb6 71. Nd2 Kc3 72. Rxb3+ Rxb3 73. Nxb3 Kxb3 74. g3 Kc4 75. g4 Kd5 76. Kf2 Kd4 77. Ke2 Kd5 78. Kd3 1-0


[Site "https://www.chess.com"]

[Event "Titled Tuesday Blitz March 28 Early 2023"]
[White "Khumalo, Keith"]
[Black "Perez Rodriguez, Jennifer"]
[WhiteFideId "14319470"]
[BlackFideId "3507831"]
[WhiteElo "2056"]
[BlackElo "2170"]
[Result "1-0"]
[Round "02"]
[TimeControl "180+2"]
[Date "2023.03.28"]
[WhiteClock "0:02:13"]
[BlackClock "0:00:18"]

1. d4 d5 2. c4 c6 3. Nf3 Nf6 4. Qc2 g6 5. e3 Bf5 6. Bd3 Bxd3 7. Qxd3 Bg7 8. O-O Nbd7 9. Nc3 O-O 10. e4 dxe4 11. Nxe4 Nxe4 12. Qxe4 Nf6 13. Qh4 Qa5 14. Bd2 Qf5 15. Rfe1 Rfe8 16. h3 Qd3 17. b3 Rad8 18. Re3 Qf5 19. Bc3 h5 20. Rae1 e6 21. R3e2 Nd7 22. Re3 Qf6 23. Qe4 Qe7 24. g4 Nf6 25. Qf4 hxg4 26. hxg4 Qd7 27. Ne5 Qe7 28. Rf3 Rf8 29. Kg2 Nd7 30. Rh1 Nxe5 31. dxe5 Rd7 32. Rfh3 Rfd8 33. Qf6 Qxf6 34. exf6 Rd3 35. fxg7 Rxh3 36. Rxh3 1-0


[Site "https://www.chess.com"]

[Event "Titled Tuesday Blitz March 28 Early 2023"]
[White "Budrewicz, Krzysztof"]
[Black "Avazkhonov, Alikhon"]
[WhiteFideId "1127950"]
[BlackFideId "14208504"]
[WhiteElo "2230"]
[BlackElo "1739"]
[Result "1-0"]
[Round "02"]
[TimeControl "180+2"]
[Date "2023.03.28"]
[WhiteClock "0:02:26"]
[BlackClock "0:00:01"]

1. d4 Nf6 2. c4 e6 3. g4 Nxg4 4. e4 Nf6 5. e5 Ne4 6. Bg2 d5 7. exd6 Nxd6 8. Qe2 Be7 9. Nc3 O-O 10. Bf4 Nc6 11. O-O-O Bg5 12. Be3 Nf5 13. Nf3 Nxe3 14. fxe3 Bh6 15. Rhg1 Kh8 16. Kb1 e5 17. d5 Nb4 18. a3 Na6 19. Nxe5 Qe7 20. Ng4 Bxg4 21. Qxg4 Qxe3 22. Be4 Nc5 23. Bc2 Qf4 24. b4 1-0


[Site "https://www.chess.com"]

[Event "Titled Tuesday Blitz March 28 Early 2023"]
[White "Silva Lucena, Cristian"]
[Black "Derjabin, Ilja"]
[WhiteFideId "2232588"]
[BlackFideId "14104768"]
[WhiteElo "2223"]
[BlackElo "2309"]
[Result "0-1"]
[Round "02"]
[TimeControl "180+2"]
[Date "2023.03.28"]
[WhiteClock "0:00:13"]
[BlackClock "0:00:42"]

1. d4 Nf6 2. c4 c5 3. Nf3 cxd4 4. Nxd4 e5 5. Nb5 d5 6. cxd5 Bc5 7. N1c3 O-O 8. g3 a6 9. Na3 b5 10. Nc2 Nbd7 11. Bg2 Re8 12. O-O e4 13. Be3 Bb7 14. Bxc5 Nxc5 15. Qd4 Rc8 16. Rad1 Na4 17. Ne3 Nxb2 18. Rb1 Nc4 19. Nf5 Re5 20. Bh3 Rc7 21. d6 Rcc5 22. Rfd1 Rxf5 23. Bxf5 Rxf5 24. Qa7 Qd7 25. a4 e3 26. f3 h5 27. axb5 axb5 28. Qb8+ Kh7 29. Qc7 Bc6 30. Rd4 Rc5 31. Qb8 Nd2 32. Rc1 Bxf3 33. Qb6 Qh3 0-1


[Site "https://www.chess.com"]

[Event "Titled Tuesday Blitz March 28 Early 2023"]
[White "Yaniuk, Volodymyr"]
[Black "Corredor Castellanos, Camilo"]
[WhiteFideId "14133083"]
[BlackFideId "4425871"]
[WhiteElo "2141"]
[BlackElo "1994"]
[Result "1-0"]
[Round "02"]
[TimeControl "180+2"]
[Date "2023.03.28"]
[WhiteClock "0:00:18"]
[BlackClock "0:00:38"]

1. d4 Nf6 2. c4 g6 3. Nc3 Bg7 4. e4 d6 5. Nf3 O-O 6. Be2 e5 7. O-O Nc6 8. d5 Ne7 9. b4 Nh5 10. g3 f5 11. Ng5 Nf6 12. Bf3 h6 13. Ne6 Bxe6 14. dxe6 f4 15. a4 g5 16. Nd5 c6 17. Nxf6+ Rxf6 18. Bg4 h5 19. Bxh5 Rxe6 20. Bg4 Rh6 21. b5 Qf8 22. Ba3 Qf6 23. h3 Rd8 24. Kg2 d5 25. bxc6 bxc6 26. Rb1 Ng6 27. cxd5 cxd5 28. Rb7 dxe4 29. Qb3+ Kh7 30. Rf7 Qc6 31. Qb7 Qxb7 32. Rxb7 Rd3 33. Bc5 Rc3 34. Bxa7 e3 35. fxe3 Rc2+ 36. Kf3 fxg3 37. Kxg3 Nh4 38. Bf5+ Nxf5+ 39. Rxf5 Kg6 40. Rff7 Bh8 41. Rfc7 e4 42. Rxc2 Be5+ 43. Kg2 Kh5 44. Rc5 Re6 45. Rbb5 Bf6 46. Rb6 Rxb6 47. Bxb6 1-0


[Site "https://www.chess.com"]

[Event "Titled Tuesday Blitz March 28 Early 2023"]
[White "Melian, Juan Sebastian"]
[Black "Krzywda, Andrzej"]
[WhiteFideId "3706575"]
[BlackFideId "1114565"]
[WhiteElo "2031"]
[BlackElo "2155"]
[Result "1-0"]
[Round "02"]
[TimeControl "180+2"]
[Date "2023.03.28"]
[WhiteClock "0:01:43"]
[BlackClock "0:00:02"]

1. e4 e6 2. d4 d5 3. Bd3 dxe4 4. Bxe4 Nf6 5. Bf3 c5 6. Ne2 Nc6 7. Be3 e5 8. Bxc6+ bxc6 9. dxe5 Qxd1+ 10. Kxd1 Ng4 11. Nd2 Be7 12. Ke1 Nxe3 13. fxe3 O-O 14. Nf3 Re8 15. Kf2 f6 16. exf6 Bxf6 17. c3 Rb8 18. b3 Ba6 19. Rac1 Rbd8 20. Rhd1 Rxd1 21. Rxd1 Bxe2 22. Kxe2 Bxc3 23. Rd6 Rc8 24. Kd3 Bf6 25. Rd7 a5 26. e4 a4 27. e5 Bd8 28. Kc4 axb3 29. axb3 Ra8 30. Kxc5 Kf8 31. e6 Be7+ 32. Kxc6 Rc8+ 33. Rc7 Rb8 34. Nd4 Rb4 35. Rc8+ Bd8 36. Rxd8+ Ke7 37. Rd7+ Ke8 38. Nf5 Rxb3 39. Nd6+ Kf8 40. e7+ Kg8 41. e8=Q# 1-0


[Site "https://www.chess.com"]

[Event "Titled Tuesday Blitz March 28 Early 2023"]
[White "Nurmanova, Alua"]
[Black "Orzech, Dominik"]
[WhiteFideId "13729390"]
[BlackFideId "1115065"]
[WhiteElo "2253"]
[BlackElo "2260"]
[Result "1-0"]
[Round "02"]
[TimeControl "180+2"]
[Date "2023.03.28"]
[WhiteClock "0:00:24"]
[BlackClock "0:00:04"]

1. e4 c6 2. d4 d5 3. e5 Bf5 4. h4 h5 5. c4 e6 6. Nc3 Ne7 7. Nge2 Nd7 8. Ng3 Bg6 9. Bg5 Qb6 10. Qd2 dxc4 11. Nge4 Bxe4 12. Nxe4 Nf5 13. O-O-O Bb4 14. Nc3 Qa6 15. Kb1 f6 16. exf6 gxf6 17. Bf4 Nb6 18. Qe2 Kf7 19. Ne4 Nd5 20. Be3 b5 21. g3 Nfxe3 22. fxe3 c3 23. Bh3 cxb2 24. Rhf1 Rae8 25. Qxb2 Kg7 26. Rd3 f5 27. Nc5 Kf6 28. Nxa6 1-0


[Site "https://www.chess.com"]

[Event "Titled Tuesday Blitz March 28 Early 2023"]
[White "Chan, Kim Yew"]
[Black "Jeet, Jain"]
[WhiteFideId "5717981"]
[BlackFideId "5073022"]
[WhiteElo "2206"]
[BlackElo "2067"]
[Result "0-1"]
[Round "02"]
[TimeControl "180+2"]
[Date "2023.03.28"]
[WhiteClock "0:00:12"]
[BlackClock "0:01:47"]

1. Nf3 Nf6 2. c4 b6 3. g3 Bb7 4. Bg2 g6 5. O-O Bg7 6. d4 O-O 7. d5 e6 8. Nc3 exd5 9. cxd5 Re8 10. Re1 a6 11. e4 d6 12. Bf4 Nbd7 13. Qc2 b5 14. Rac1 Nb6 15. b3 Rc8 16. Nd4 Nfxd5 17. Nxd5 Bxd4 18. Bh3 Nxd5 19. Bxc8 Qxc8 20. exd5 Rxe1+ 21. Rxe1 Bxd5 22. Rd1 Qh3 23. Rxd4 Qg2# 0-1


[Site "https://www.chess.com"]

[Event "Titled Tuesday Blitz March 28 Early 2023"]
[White "Yelisieiev, Yevhenii"]
[Black "Melaugh, Shane"]
[WhiteFideId "14139642"]
[BlackFideId "2509580"]
[WhiteElo "2447"]
[BlackElo "2034"]
[Result "0-1"]
[Round "02"]
[TimeControl "180+2"]
[Date "2023.03.28"]
[WhiteClock "0:00:02"]
[BlackClock "0:00:23"]

1. d4 e6 2. Nf3 f5 3. d5 Be7 4. c4 Nf6 5. Nc3 O-O 6. g3 b6 7. Bg2 Bb7 8. O-O Bb4 9. Nd4 Bxc3 10. bxc3 Na6 11. dxe6 Bxg2 12. Kxg2 Ne4 13. exd7 Qxd7 14. Qc2 Qf7 15. f3 Nd6 16. Ba3 c5 17. Nb5 Nxc4 18. Bc1 Nc7 19. Nxc7 Qxc7 20. a4 Kh8 21. Qa2 Qf7 22. Bf4 Rae8 23. Rf2 Ne3+ 24. Bxe3 Qxa2 25. Rxa2 Rxe3 26. Ra3 Rfe8 27. Kf1 Kg8 28. Ke1 Kf7 29. Kd2 g5 30. f4 g4 31. Rb3 R3e4 32. Ra3 Rd8+ 33. Kc2 Rde8 34. Kd3 Rd8+ 35. Kc2 h5 36. a5 b5 37. a6 Rd6 38. Ra5 Rb6 39. Kd3 Kf6 40. e3 b4 41. Rxc5 bxc3 42. Ra2 Rbe6 43. Kxc3 Rxe3+ 44. Kb4 R3e4+ 45. Ka5 Rd6 46. Rc7 Rd5+ 47. Rc5 Rxc5# 0-1


[Site "https://www.chess.com"]